 Dungeon Crawl Stone Soup version 0.29-a0-824-gd827844252 (webtiles) character file.

Game seed: 8913381996783039480

91 jimonade the Sneak (level 4, -8/27 HPs)
             Began as a Kobold Brigand on July 10, 2022.
             Mangled by Sigmund
             ... wielding a +0 scythe
              (9 damage)
             ... on level 3 of the Dungeon.
             The game lasted 00:07:45 (2938 turns).

jimonade the Sneak (Kobold Brigand)                 Turns: 2938, Time: 00:07:45

Health: -8/27      AC:  5    Str:  8    XL:     4   Next: 87%
Magic:  4/4        EV: 14    Int: 12    God:
Gold:   83         SH:  0    Dex: 18    Spells: 3/3 levels left

rFire   . . .      SeeInvis .   g - +0 rapier
rCold   . . .      Faith    .   (no shield)
rNeg    . . .      Spirit   .   b - +0 robe
rPois   .          Reflect  .   p - +0 helmet
rElec   .          Harm     .   c - +0 cloak
rCorr   .          Rampage  .   (no gloves)
Will    .....                   r - +0 pair of boots
Stlth   +++++.....              (no amulet)
HPRegen 0.09/turn               (no ring)
MPRegen 0.09/turn               (no ring)

@: no status effects
A: small, no large weapons, nightstalker 3
a: no special abilities


You were on level 3 of the Dungeon.
You visited 1 branch of the dungeon, and saw 3 of its levels.

You collected 83 gold pieces.

Inventory:

Hand Weapons
 a - a +2 dagger
 g - a +0 rapier (weapon)
Missiles
 d - 22 poisoned darts (quivered)
 e - 3 curare-tipped darts
 m - 21 stones
 t - a throwing net
 x - 4 atropa-tipped darts
Armour
 b - a +0 robe (worn)
 c - a +0 cloak (worn)
 l - a +0 chain mail
 p - a +0 helmet (worn)
 r - a +0 pair of boots (worn)
Scrolls
 f - a scroll of poison {unknown}
 h - 3 scrolls of immolation {unknown}
 k - a scroll of identify {unknown}
 n - a scroll of noise {unknown}
 q - a scroll of torment {unknown}
 v - a scroll of fog {unknown}
 w - a scroll of teleportation {unknown}
Potions
 i - 4 potions of flight {unknown}
 j - 2 potions of haste {unknown}
 o - 2 potions of brilliance {unknown}
 s - a potion of ambrosia {unknown}
 u - 2 potions of heal wounds {unknown}


   Skills:
 + Level 2.4 Fighting
 + Level 3.2 Short Blades
 + Level 2.3 Throwing
 + Level 1.7 Dodging
 * Level 7.4 Stealth
 * Level 0.2 Spellcasting


You had 3 spell levels left.
You didn't know any spells.
Your spell library contained the following spells:

 Spells                   Type           Power      Damage    Failure   Level
 Animate Armour           Summ/Erth      0%         N/A       97%         4
 Blade Hands              Tmut           0%         N/A       100%        5
 Iron Shot                Conj/Erth      0%         9d1       100%        6


Dungeon Overview and Level Annotations

Branches:
Dungeon (3/15)

Altars:

Annotations:
D:3 Sigmund


Innate Abilities, Weirdness & Mutations

You are small and have problems with some larger weapons.
You are completely attuned to the shadows.


Message History

You stick the orc like a pincushion!!!
You kill the orc!
d - 22 poisoned darts (gained 5)
Things that are here:
a +0 mace; an orc corpse
x - 4 atropa-tipped darts Sigmund the Dreaded comes into view.
He is wielding a +0 scythe.
Sigmund shouts!
Sigmund points at you and mumbles some strange words.
The magic dart hits you.
Sigmund hits you from afar with a +0 scythe.
Sigmund hits you with a +0 scythe.
You hit Sigmund but do no damage. You hit Sigmund.
Sigmund is moderately wounded.
Sigmund barely misses you.
You puncture Sigmund!
Sigmund is heavily wounded.
Sigmund points at you and mumbles some strange words.
The puff of flame hits you!
* * * LOW HITPOINT WARNING * * *
You are too injured to fight recklessly!
You are too injured to fight recklessly!
Unknown command.
You hit Sigmund but do no damage.
Sigmund is heavily wounded.
Sigmund misses you.
You closely miss Sigmund.
Sigmund is heavily wounded.
You closely miss Sigmund.
Sigmund is heavily wounded.
Sigmund closely misses you.
You hit Sigmund.
Sigmund is heavily wounded.
Sigmund hits you with a +0 scythe.
* * * LOW HITPOINT WARNING * * *
You closely miss Sigmund.
Sigmund is heavily wounded.
Sigmund hits you with a +0 scythe!
You die...

####......# ##.# #.#
........... #.# #..
.......)..# .#.###.# ###.
........... ......# #...
####...#.## #.. ..#..##.#
#.#. .........#
#..#####.#..##.# #.##
.......... ......##.#..##.#
#.## ####...#.#
#...#.##.#..<#.# #.# .....
...@@........#.# #.# ....
#..##.##.##..#.# #.# #..#
#..##.##.##..#.# #.# #..#
#..##.##.##..#.# #.#
#..#######...)..........#
#.#
####..##.......##.##.##..###
#.##
......##.####..##.##.##..#
#...
#####.##.####............#
####
........................#


You could see Sigmund.

Vanquished Creatures
  2 adders (D:2)
  3 dart slugs
  6 orcs (D:3)
  7 endoplasms
  4 giant cockroaches
  3 hobgoblins
  8 jackals
  5 kobolds
  6 ball pythons
  5 bats
  A frilled lizard (D:2)
  4 goblins
  2 rats
56 creatures vanquished.

Vanquished Creatures (others)
  2 plants (D:2)
2 creatures vanquished.

Grand Total: 58 creatures vanquished

Notes
Turn   | Place    | Note
-------+----------+-------------------------------------------
     0 | D:1      | jimonade the Kobold Brigand began the quest for the Orb.
     0 | D:1      | Reached XP level 1. HP: 12/12 MP: 1/1
   292 | D:1      | Reached XP level 2. HP: 17/17 MP: 2/2
   338 | D:1      | Reached skill level 6 in Stealth
   958 | D:1      | Reached XP level 3. HP: 21/21 MP: 3/3
  1498 | D:2      | Found a faded altar of an unknown god.
  1527 | D:2      | Reached XP level 4. HP: 27/27 MP: 4/4
  1736 | D:2      | Reached skill level 7 in Stealth
  2927 | D:3      | Noticed Sigmund
  2937 | D:3      | HP: 1/27 [Sigmund/+0 scythe (4)]
  2938 | D:3      | Mangled by Sigmund

Illustrated notes

Levels and vault maps discovered:
D:1:      psy_arrival_terrarium, layout_loops_ring
D:2:      layout_rooms, hellmonk_ecumenical_altar_slurped_away, serial_forest,
          infiniplex_forest_corner_1, infiniplex_forest_end_double,
          infiniplex_forest_clump_small, infiniplex_forest_zigzag_2,
          infiniplex_forest_clump_C, infiniplex_forest_clump_curved,
          infiniplex_forest_clump_tiny, infiniplex_forest_lined_3
D:3:      layout_basic, fountainhead, uniq_crazy_yiuf_cottage, uniq_sigmund

Skill      XL: |  1  2  3  4 |
---------------+-------------+-----
Stealth        | 6 7 |  7.4
Short Blades   | 3 |  3.2
Fighting       | |  2.4
Throwing       | |  2.3
Dodging        | |  1.7
Spellcasting   | |  0.2

Action                   |  1- 3 |  4- 6 || total
-------------------------+-------+-------++-------
Melee: Dagger            |     8 |       ||     8
       Rapier            |    53 |    47 ||   100
 Stab: Sleeping          |    19 |    17 ||    36
       Distracted        |     1 |       ||     1
Armor: Robe              |    12 |     5 ||    17
Dodge: Dodged            |    37 |    12 ||    49

Table legend: (Time is in decaauts)
 A = Elapsed time spent in this place.
 B = Non-inter-level travel time spent in this place.
 C = Inter-level travel time spent in this place.
 D = Time resting spent in this place.
 E = Time spent auto-exploring this place.
 F = Levels seen in this place.
 G = Mean time per level.
                   A        B        C        D        E       F      G
               +--------+--------+--------+--------+--------+-----+--------+
         Total |   2943 |   2869 |     74 |    395 |   1612 |   3 |  981.0 |
       Dungeon |   2943 |   2869 |     74 |    395 |   1612 |   3 |  981.0 |
               +--------+--------+--------+--------+--------+-----+--------+

Top non-repeatable levels by time:
     D:1: 1325 daAuts
     D:3: 874 daAuts
     D:2: 743 daAuts
